 Dungeon Crawl Stone Soup version 0.20.1-1-g8b1a95d (webtiles) character file.

3579 McKennaii the Zephyrmancer (level 10, -4/52 HPs)
             Began as a Tengu Air Elementalist on Aug 1, 2017.
             Was a Follower of Vehumet.
             Slain by a killer bee (5 damage)
             ... on level 7 of the Dungeon.
             The game lasted 00:26:25 (9976 turns).

McKennaii the Zephyrmancer (Tengu Air Elementalist) Turns: 9976, Time: 00:26:26

Health: -4/52      AC:  3    Str:  7 (10) XL:     10   Next: 10%
Magic:  13/23      EV: 13    Int: 15 (18) God:    Vehumet [*.....]
Gold:   422        SH:  0    Dex: 12 (14) Spells: 16/25 levels left

rFire    . . .     SeeInvis .   (no weapon)
rCold    . . .     Gourm    .   (no shield)
rNeg     . . .     Faith    .   a - +0 robe
rPois    +         Spirit   .   (helmet restricted)
rElec    .         Reflect  .   d - +0 cloak
rCorr    .         Harm     .   (no gloves)
MR       +....                  (boots unavailable)
Stlth    +++++.....             (no amulet)
Regen    0.2/turn               r - ring of Shadows {Umbra +Inv Stlth+}
MPRegen  0.2/turn               y - ring of protection from magic

@: lethally poisoned (-4 -> -13), wreathed by umbra
A: beak, talons 3, sense surroundings 1, poison resistance, able to fly 1
a: Fly, Renounce Religion, Evoke Invisibility


You were on level 7 of the Dungeon.
You worshipped Vehumet.
Vehumet was aware of your devotion.
You were not hungry.

You visited 2 branches of the dungeon, and saw 8 of its levels.

You collected 422 gold pieces.

Inventory:

Armour
 a - a +0 robe (worn)
 d - a +0 cloak (worn)
Jewellery
 j - an uncursed ring of poison resistance
 r - the ring of Shadows (left hand) {Umbra +Inv Stlth+}
   (You found it on level 6 of the Dungeon)

   [ring of stealth]

   It lets you turn invisible.
   It makes you more stealthy.
 u - an uncursed ring of wizardry
 y - a ring of protection from magic (right hand)
 H - an uncursed ring of stealth
Wands
 k - a wand of iceblast (4/15)
 x - a wand of lightning (9/15)
 z - a wand of confusion (7/48)
 G - a wand of lightning (6/15)
Scrolls
 e - 4 scrolls of remove curse
 f - 2 scrolls of magic mapping
 h - 3 scrolls of teleportation
 i - a scroll of fear
 m - 2 scrolls of identify
 o - 3 scrolls of blinking
 p - 3 scrolls of enchant armour
 q - a scroll of recharging {unknown}
 s - 2 scrolls of fog
 v - 2 scrolls of amnesia {unknown}
 w - a scroll of immolation {unknown}
 B - 2 scrolls of noise {unknown}
 E - a scroll of silence {unknown}
Potions
 n - a potion of agility
 A - a potion of magic
Books
 b - a book of Air

   Spells                             Type                      Level
   a - Shock                          Conjuration/Air              1
   b - Swiftness                      Charms/Air                   2
   c - Static Discharge               Conjuration/Air              3
   d - Airstrike                      Air                          4
   e - Lightning Bolt                 Conjuration/Air              5
 D - the Collected Works on Glacial Ignition
   (You found it on level 6 of the Dungeon)

   Spells                             Type                      Level
   a - Flame Tongue                   Conjuration/Fire             1
   b - Throw Frost                    Conjuration/Ice              2
   c - Ensorcelled Hibernation        Hexes/Ice                    2
   d - Inner Flame                    Hexes/Fire                   3
   e - Sticky Flame                   Conjuration/Fire             4
   f - Bolt of Magma                  Conjuration/Fire/Earth       5
Comestibles
 c - 4 bread rations
 g - 4 meat rations
 l - 2 royal jellies
 t - 5 fruits


   Skills:
 + Level 1.2 Fighting
 + Level 3.4 Dodging
 + Level 3.9 Stealth
 + Level 8.1 Spellcasting
 + Level 9.2 Conjurations
 + Level 10.7 Air Magic


You had 16 spell levels left.
You knew the following spells:

 Your Spells              Type           Power        Failure   Level  Hunger
a - Shock                 Conj/Air       ####         1%          1    None
b - Swiftness             Chrm/Air       ###.....     1%          2    None
c - Lightning Bolt        Conj/Air       #####.....   5%          5    #####..
d - Magic Dart            Conj           ####         1%          1    None


Dungeon Overview and Level Annotations

Branches:
Dungeon (7/15)             Temple (1/1) D:6

Altars:
Ashenzari
Cheibriados
Fedhas
Makhleb
Okawaru
Qazlal
Uskayaw
Vehumet
Xom
The Shining One


Innate Abilities, Weirdness & Mutations

You have a beak for a mouth.
You have claws for feet.
You can fly.
You passively map a small area around you.
Your system is resistant to poisons. (rPois)


Message History

Aiming: Lightning Bolt
Press: ? - help, Shift-Dir - straight line, f/p - killer bee
Aim: a killer bee (severely wounded, umbra)
You hear a mighty clap of thunder!
The bolt of lightning misses the killer bee.
* * * LOW HITPOINT WARNING * * *
You feel sick.
You hear an angry buzzing noise. x3
The killer bee barely misses you. The killer bee stings you.
* * * LOW HITPOINT WARNING * * *
It was a potion of degeneration.
There was something very wrong with that liquid.
You feel weakened.
You feel dopey.
You feel clumsy.
* * * LOW HITPOINT WARNING * * *
You feel sick. The killer bee barely misses you. The killer bee stings you.
* * * LOW HITPOINT WARNING * * *
You feel magically purged.
* * * LOW HITPOINT WARNING * * *
You feel sick. The killer bee barely misses you. The killer bee stings you.
You die...

y................#
........#####.####
........# #.# ........#
#># #.....#.#####.#
..##..........##
..##.##..####..##
#....#..........#######
...............y@.....#
###.............#####.#
..##............# #.#
#.##............# #.#
#........#.##.### #.#
.....#.#.#.##.# ####.#
##.....#.#.##.# #....#
..#........##.####.####
#.##..........##...#


You could see a killer bee.

Vanquished Creatures
  A two-headed ogre (D:6)
  A hippogriff (D:7)
  A hungry ghost (D:6)
  Duvessa (D:6)
  An orc warrior (D:6)
  A phantom (D:6)
  2 sky beasts
  3 ice beasts
  An ogre (D:6)
  4 centaurs (D:5)
  4 bullfrogs
  A scorpion (D:7)
  Dowan (D:6)
  A killer bee (D:6)
  A howler monkey (D:4)
  A jelly (D:6)
  3 hounds
  2 orc priests
  A bullfrog skeleton (D:6)
  10 orc wizards
  A centaur skeleton (D:4)
  4 iguanas
  5 worker ants
  A hound skeleton (D:7)
  A worker ant zombie (D:7)
  9 adders
  4 gnolls (D:6)
  4 oozes
  An adder skeleton (D:5)
  6 worms
  2 dart slugs (D:1)
  A leopard gecko (D:5)
  20 orcs
  8 giant cockroaches
  10 hobgoblins
  12 jackals
  7 kobolds
  4 quokkas
  A ball python (D:4)
  9 bats
  6 frilled lizards
  14 goblins
  A jackal skeleton (D:5)
  A leopard gecko zombie (D:6)
  13 rats
186 creatures vanquished.

Notes
Turn   | Place    | Note
-------+----------+-------------------------------------------
     0 | D:1      | McKennaii the Tengu Air Elementalist began the quest for the Orb.
     0 | D:1      | Reached XP level 1. HP: 10/10 MP: 4/4
    58 | D:1      | Reached XP level 2. HP: 13/15 MP: 1/6
   381 | D:1      | Learned a level 2 spell: Swiftness
   562 | D:1      | Reached XP level 3. HP: 19/19 MP: 4/7
  1195 | D:2      | Reached skill level 5 in Air Magic
  1196 | D:2      | Reached XP level 4. HP: 20/24 MP: 3/9
  2259 | D:2      | Gained mutation: You can fly. [Tengu growth]
  2259 | D:2      | Reached XP level 5. HP: 28/28 MP: 5/10
  2266 | D:2      | Learned a level 5 spell: Lightning Bolt
  3705 | D:4      | Reached skill level 6 in Air Magic
  4074 | D:4      | Reached XP level 6. HP: 32/32 MP: 8/12
  4579 | D:5      | Entered Level 5 of the Dungeon
  4579 | D:5      | Noticed a sky beast
  4962 | D:5      | Reached XP level 7. HP: 19/36 MP: 6/14
  5251 | D:5      | Reached skill level 7 in Air Magic
  5898 | D:5      | Reached skill level 5 in Spellcasting
  5898 | D:5      | Reached skill level 5 in Conjurations
  6159 | D:6      | Noticed Dowan
  6198 | D:6      | Gained mutation: You passively map a small area around you. [potion of mutation]
  6198 | D:6      | Gained mutation: Your system is resistant to poisons. (rPois) [potion of mutation]
  6314 | D:6      | Found a staircase to the Ecumenical Temple.
  6322 | Temple   | Entered the Ecumenical Temple
  6338 | Temple   | Became a worshipper of Vehumet
  6376 | D:6      | Found a burning altar of Makhleb.
  6431 | D:6      | Reached XP level 8. HP: 42/42 MP: 8/16
  6596 | D:6      | Identified the Collected Works on Glacial Ignition
  6606 | D:6      | Noticed Duvessa
  6745 | D:6      | Reached skill level 8 in Air Magic
  7205 | D:6      | Noticed a two-headed ogre
  7215 | D:6      | Killed a two-headed ogre
  7215 | D:6      | Reached skill level 9 in Air Magic
  7215 | D:6      | Reached XP level 9. HP: 46/46 MP: 11/20
  7458 | D:6      | Reached * piety under Vehumet
  7458 | D:6      | Offered knowledge of Magic Dart by Vehumet.
  7461 | D:6      | Learned a level 1 spell: Magic Dart
  7940 | D:6      | Killed Dowan
  8106 | D:6      | Killed Duvessa
  8377 | D:5      | Reached skill level 1 in Fighting
  8623 | D:7      | Reached skill level 10 in Air Magic
  9179 | D:7      | Reached XP level 10. HP: 31/52 MP: 2/22
  9975 | D:7      | HP: 2/52 [killer bee (3)]
  9976 | D:7      | Slain by a killer bee

Skill      XL: |  1  2  3  4  5  6  7  8  9 10 |
---------------+-------------------------------+-----
Air Magic      | 5 6 7 9 10 | 10.7
Conjurations   | 2 3 4 5 7 8 9 |  9.2
Spellcasting   | 3 4 5 6 7 8 |  8.1
Stealth        | 3 |  3.9
Dodging        | 3 |  3.4
Fighting       | 1 |  1.2

Action                   |  1- 3 |  4- 6 |  7- 9 | 10-12 || total
-------------------------+-------+-------+-------+-------++-------
Melee: Unarmed           |     7 |     3 |     2 |       ||    12
       Peck              |     3 |       |     1 |       ||     4
       Kick              |     1 |     1 |       |       ||     2
 Cast: Shock             |    54 |   206 |   222 |    40 ||   522
       Lightning Bolt    |       |     3 |    20 |     3 ||    26
       Magic Dart        |       |       |    14 |       ||    14
  Use: Potion            |       |     2 |     4 |     2 ||     8
       Scroll            |       |       |     2 |     9 ||    11
  Eat: Chunk             |     1 |     8 |     7 |     4 ||    20
       Meat ration       |       |     1 |     2 |       ||     3
       Fruit             |       |       |     2 |     1 ||     3
Armor: Robe              |     1 |     9 |    14 |     4 ||    28
Dodge: Dodged            |     4 |    24 |    44 |    26 ||    98
